Map: Imperio eterno EE

Players

MrFercho

  • Race: Zerg Zerg
  • League: Silver
  • Spawn Location: 7:00

Killyourmtv - Winner!

  • Race: Terran Terran
  • League: Silver
  • Spawn Location: 1:00

VOD

Have the link to the VOD?

Description

Time

  • Played on: May 29, 2020, 8:57 p.m.
  • Length: 6:58
Show
View Real Time Build Order
Export as new Build Order

MrFercho Zerg 

Build Orders: 3 Hatch before Pool 

Get SALT Encoding   

  12  0:01  Drone  
  13  0:19  Drone  
  14  0:50  Hatchery, Drone  
  14  1:09  Hatchery, Drone  
  14  1:30  Spawning Pool  
  14  1:32  Extractor, Drone  
  13  1:33  Extractor  
  13  1:36  Drone  
  13  2:06  Drone x3  
  13  2:07  Drone  
  17  2:19  Overlord x2  
  17  2:26  Queen  
  19  2:49  Metabolic Boost  
  19  2:55  Zergling x12  
  25  3:21  Drone  
  25  3:22  Drone x5  
  31  3:44  Evolution Chamber  
  31  3:47  Drone x3  
  31  3:48  Drone x2  
  35  4:10  Zergling x6  
  35  4:11  Zergling x8  
  42  4:18  Zerg Melee Weapons Level 1  
  42  4:27  Lair  
  37  5:08  Pneumatized Carapace  
  37  5:36  Hydralisk Den  
  37  5:38  Drone x4  
  37  5:39  Overlord x3, Drone x2  
  41  6:12  Overseer  
  41  6:13  Overseer  
  38  6:21  Spore Crawler x2  
  38  6:22  Spore Crawler  
  38  6:23  Spore Crawler  
  38  6:25  Spore Crawler  
  33  6:26  Spore Crawler  
Show
View Real Time Build Order
Export as new Build Order

Killyourmtv Terran - Winner!

Build Orders: Banshee Rush 

Get SALT Encoding   

  12  0:01  SCV  
  13  0:13  SCV  
  14  0:24  Supply Depot  
  14  0:33  Supply Depot  
  14  0:36  SCV  
  15  0:48  Refinery  
  15  0:54  Barracks  
  15  1:01  Refinery  
  15  1:02  SCV  
  16  1:21  SCV  
  17  1:33  SCV  
  18  1:46  Factory  
  18  1:48  Marine  
  18  1:53  SCV  
  20  2:05  SCV  
  21  2:09  Marine  
  22  2:19  SCV  
  23  2:36  Starport x2  
  23  2:42  SCV  
  24  2:54  SCV  
  24  2:55  Hellion  
  27  3:03  Supply Depot  
  27  3:11  Marine  
  28  3:15  Starport Tech Lab x2  
  28  3:19  SCV  
  29  3:34  Banshee  
  32  3:35  Banshee  
  32  3:38  Cloaking Field  
  35  4:04  Starport  
  35  4:17  Supply Depot  
  35  4:20  Banshee  
  38  4:42  Banshee  
  41  4:57  Command Center  
  41  5:03  Banshee  
  44  5:11  Orbital Command  
  44  5:20  Supply Depot  
  44  5:25  Banshee  
  44  5:27  Starport Tech Lab  
  47  5:46  Banshee  
  50  5:52  Banshee  
Tags
 
Add a new tag
Caveats
  • Supply blocks, unpowered buildings, or Contaminate may cause inaccurate times.
  • Supply counts are checked every 10 seconds.